 Dungeon Crawl Stone Soup version 0.20.1-1-g8b1a95d (webtiles) character file.

138 McKennaii the Skirmisher (level 5, 0/41 HPs)
             Began as a Demonspawn Fighter on Sept 24, 2017.
             Killed from afar by an orc wizard (7 damage)
             ... with a magic dart
             ... on level 3 of the Dungeon.
             The game lasted 00:03:35 (2328 turns).

McKennaii the Skirmisher (Demonspawn Fighter)       Turns: 2328, Time: 00:03:36

Health: 0/41       AC: 11    Str: 17    XL:     5   Next: 1%
Magic:  5/5        EV:  7    Int: 10    God:
Gold:   122        SH:  9    Dex: 12    Spells: 4/4 levels left

rFire    . . .     SeeInvis .   a - +0 war axe
rCold    . . .     Gourm    .   c - +0 shield
rNeg     . . .     Faith    .   b - +0 scale mail
rPois    .         Spirit   .   (helmet restricted)
rElec    .         Reflect  .   (no cloak)
rCorr    .         Harm     .   t - +0 pair of gloves
MR       .....                  (no boots)
Stlth    ..........             (no amulet)
Regen    0.2/turn               (no ring)
MPRegen  0.1/turn               (no ring)

@: slowed, very slow
A: antennae 1, iridescent scales 2
a: no special abilities


You were on level 3 of the Dungeon.
You were not hungry.

You visited 1 branch of the dungeon, and saw 3 of its levels.

You collected 122 gold pieces.

Inventory:

Hand Weapons
 a - a +0 war axe (weapon)
Armour
 b - a +0 scale mail (worn)
 c - a +0 shield (worn)
 t - a +0 pair of gloves (worn)
Jewellery
 n - an uncursed ring of positive energy {unknown}
Scrolls
 e - a scroll of teleportation {unknown}
 j - a scroll of immolation {unknown}
 m - a scroll of identify {unknown}
 q - a scroll of recharging {unknown}
Potions
 d - a potion of might
 g - 3 potions of curing {unknown}
 h - 2 potions of magic {unknown}
 i - a potion of cancellation {unknown}
 k - a potion of berserk rage {unknown}
 l - a potion of agility {unknown}
 o - 2 potions of flight {unknown}
 r - 2 potions of haste {unknown}
 v - a potion of resistance {unknown}
 x - a potion of lignification {unknown}
Books
 u - a book of Misfortune

   Spells                             Type                      Level
   a - Confusing Touch                Hexes                        1
   b - Confuse                        Hexes                        3
   c - Gell's Gravitas                Translocation                3
   d - Petrify                        Transmutation/Earth          4
   e - Metabolic Englaciation         Hexes/Ice                    5
   f - Yara's Violent Unravelling     Hexes/Transmutation          5
Comestibles
 f - 2 bread rations
 p - a fruit
 s - 2 royal jellies
 w - a chunk of flesh


   Skills:
 + Level 3.6 Fighting
 + Level 3.1 Axes
 + Level 3.1 Armour
 + Level 0.5 Dodging
 + Level 0.2 Stealth
 + Level 3.5 Shields


You had 4 spell levels left.
You didn't know any spells.

Dungeon Overview and Level Annotations

Branches:
Dungeon (3/15)

Altars:
Ashenzari
Dithmenos
Gozag
Kikubaaqudgha
Zin


Innate Abilities, Weirdness & Mutations

You have a pair of small antennae on your head.
You are mostly covered in iridescent scales. (AC +4)


Message History

The orc wizard barely misses you.
The orc wizard points at you and mumbles some strange words.
The magic dart hits you!
The orc wizard points at you and mumbles some strange words.
The magic dart hits you!
You hit the orc wizard.
The orc wizard is almost dead.
The orc wizard points at you and mumbles some strange words.
The magic dart hits you!
* * * LOW HITPOINT WARNING * * *
The orc wizard casts a spell at you. The magic dart hits you!
* * * LOW HITPOINT WARNING * * *
The orc wizard hits you but does no damage.
You closely miss the orc wizard.
The orc wizard is almost dead.
The orc wizard hits you but does no damage.
The orc wizard gestures at you while chanting.
The magic dart hits you!
You die...

# #........... #
#............ .
+.###.########## #
#.##<<.........# #
#.###.####..... #
###.....# #...#####.#
....###.# #.....[.#.###
......#.#####..o........
................@...##
.÷....#.#####.......#
........# #..†....#
........# #.......#
....###.#####.......#
....................#
...#.##.#####.......#
...#..#.# #.......#
...#.(#.### #.......#


You could see an orc wizard.

Vanquished Creatures
  An orc wizard (D:3)
  4 adders
  An ooze (D:2)
  A worm (D:3)
  2 dart slugs
  4 orcs (D:3)
  A giant cockroach (D:1)
  7 hobgoblins
  2 jackals (D:2)
  A quokka (D:1)
  10 bats
  3 frilled lizards
  7 goblins
  6 kobolds
  12 rats
62 creatures vanquished.

Notes
Turn   | Place    | Note
-------+----------+-------------------------------------------
     0 | D:1      | McKennaii the Demonspawn Fighter began the quest for the Orb.
     0 | D:1      | Reached XP level 1. HP: 18/18 MP: 1/1
   177 | D:1      | Gained mutation: You have a pair of small antennae on your head. [demonic ancestry]
   177 | D:1      | Reached XP level 2. HP: 19/24 MP: 2/2
   841 | D:2      | Reached XP level 3. HP: 29/29 MP: 3/3
  1613 | D:2      | Gained mutation: You are partially covered in iridescent scales. (AC +2) [demonic ancestry]
  1613 | D:2      | Reached XP level 4. HP: 22/35 MP: 4/4
  1783 | D:2      | Found an opulent altar of Gozag.
  1860 | D:3      | Found an ancient bone altar of Kikubaaqudgha.
  1866 | D:3      | Found a shadowy altar of Dithmenos.
  2168 | D:3      | Gained mutation: You are mostly covered in iridescent scales. (AC +4) [demonic ancestry]
  2168 | D:3      | Reached XP level 5. HP: 41/41 MP: 5/5
  2256 | D:3      | Found a shattered altar of Ashenzari.
  2285 | D:3      | Found a glowing silver altar of Zin.
  2328 | D:3      | Killed from afar by an orc wizard

Skill      XL: |  1  2  3  4 |
---------------+-------------+-----
Armour         | 3 |  3.1
Shields        | 3 |  3.5
Axes           | 2 3 |  3.1
Fighting       | |  3.6
Dodging        | |  0.5
Stealth        | |  0.2

Action                   |  1- 3 |  4- 6 || total
-------------------------+-------+-------++-------
Melee: War axe           |   164 |    79 ||   243
  Eat: Chunk             |     1 |     4 ||     5
Armor: Scale mail        |    81 |    67 ||   148
Dodge: Dodged            |    53 |    37 ||    90
Block: Shield            |    96 |    51 ||   147
